 Dungeon Crawl Stone Soup version 0.23.0-3-gf3c87f2 (webtiles) character file.

Game seed: 18328838390198004729

130 inmateoo the Skirmisher (level 4, -6/41 HPs)
             Began as a Minotaur Fighter on Feb 21, 2019.
             Mangled by a gnoll
             ... wielding a +0 spear
              (9 damage)
             ... on level 3 of the Dungeon.
             The game lasted 00:01:44 (1557 turns).

inmateoo the Skirmisher (Minotaur Fighter)          Turns: 1557, Time: 00:01:46

Health: -6/41      AC:  7    Str: 21    XL:     4   Next: 90%
Magic:  3/3        EV:  3    Int:  5    God:
Gold:   82         SH:  0    Dex: 10    Spells: 3/3 levels left

rFire    . . .     SeeInvis .     - Unarmed
rCold    . . .     Gourm    .   i - +0 large shield (curse)
rNeg     . . .     Faith    .   a - +0 scale mail
rPois    .         Spirit   .   (helmet restricted)
rElec    .         Reflect  .   (no cloak)
rCorr    .         Harm     .   (no gloves)
MR       .....                  (no boots)
Stlth    ..........             (no amulet)
HPRegen  0.13/turn              (no ring)
MPRegen  0.08/turn              (no ring)

@: held
A: retaliatory headbutt, horns 2
a: no special abilities


You were on level 3 of the Dungeon.
You were not hungry.

You visited 1 branch of the dungeon, and saw 3 of its levels.

You collected 82 gold pieces.

Inventory:

Armour
 a - a +0 scale mail (worn)
 b - a +0 shield
 i - a cursed +0 large shield (worn)
Jewellery
 j - an uncursed ring of wizardry {unknown}
Scrolls
 e - a scroll of immolation {unknown}
 k - a scroll of identify {unknown}
 m - 2 scrolls of remove curse {unknown}
 n - a scroll of random uselessness {unknown}
 o - a scroll of teleportation {unknown}
 p - a scroll of fog {unknown}
Potions
 c - 2 potions of might
 f - 2 potions of agility {unknown}
 g - a potion of mutation {unknown}
 h - a potion of brilliance {unknown}
 l - a potion of curing {unknown}
Comestibles
 d - 3 rations


   Skills:
 + Level 4.3 Fighting
 + Level 4.2 Armour
 + Level 1.7 Dodging
 + Level 4.3 Shields
 * Level 3.8 Unarmed Combat


You had 3 spell levels left.
You didn't know any spells.
Your spell library was empty.

Dungeon Overview and Level Annotations

Branches:
Dungeon (3/15)

Altars:


Innate Abilities, Weirdness & Mutations

You reflexively headbutt those who attack you in melee.
You have a pair of horns on your head.


Message History

The gnoll is severely wounded.
You hit the gnoll but do no damage.
The gnoll is severely wounded.
A gnoll comes into view. It is wielding a +0 spear.
You block the gnoll's attack.
The gnoll shouts!
You hit the gnoll.
You kill the gnoll!
You hear a shout!
You block the gnoll's attack.
A gnoll comes into view. It is wielding a +0 halberd.
You block the gnoll's attack.
The gnoll throws a throwing net.
The throwing net hits you.
You become entangled in the net!
The gnoll hits you from afar with a +0 spear!
* * * LOW HITPOINT WARNING * * *
You see here a throwing net.
You tear a large gash into the net.
The gnoll hits you from afar with a +0 spear!
You die...

..(....##......#
...#.##.##.#.# ##.
#$#.......#.# ....
#......####.######
#..###.)....## #......#
#...)........###..###.#####
#..##g..g..#..........#....
# #........##.......†....
#?...r@.###.......#....
#.......# ##.(#.#.#####
#.......# #......#
######### #.#..#.# #.#.##)#
#.#.##.# #......# ## ##
###.#### #. #...##.#######.


You could see 2 gnolls and a rat.

Vanquished Creatures
  Terence (D:3)
  2 gnolls (D:3)
  4 adders
  A worm (D:2)
  3 leopard geckos (D:1)
  2 orcs (D:3)
  5 giant cockroaches
  2 goblins
  4 hobgoblins
  2 jackals (D:2)
  4 kobolds
  2 quokkas
  A ball python (D:2)
  3 bats
  4 frilled lizards (D:1)
  5 rats
45 creatures vanquished.

Notes
Turn   | Place    | Note
-------+----------+-------------------------------------------
     0 | D:1      | inmateoo the Minotaur Fighter began the quest for the Orb.
     0 | D:1      | Reached XP level 1. HP: 19/19 MP: 0/0
   177 | D:1      | Reached XP level 2. HP: 26/27 MP: 1/1
   895 | D:2      | Reached skill level 1 in Dodging
   895 | D:2      | Reached XP level 3. HP: 33/33 MP: 2/2
  1347 | D:3      | Reached XP level 4. HP: 38/40 MP: 3/3
  1480 | D:3      | Noticed Terence
  1495 | D:3      | Killed Terence
  1557 | D:3      | Mangled by a gnoll

Skill      XL: |  1  2  3 |
---------------+----------+-----
Fighting       | 4 |  4.3
Dodging        | 1 |  1.7
Unarmed Combat | 3 |  3.8
Shields        | 4 |  4.3
Armour         | 4 |  4.2

Action                   |  1- 3 |  4- 6 || total
-------------------------+-------+-------++-------
Melee: Unarmed           |   168 |    47 ||   215
       Headbutt          |    18 |     2 ||    20
  Eat: Chunk             |     2 |       ||     2
Armor: Scale mail        |    69 |     9 ||    78
Dodge: Dodged            |    34 |     7 ||    41
Block: Shield            |    20 |       ||    20
       Large shield      |    95 |    30 ||   125
